 Dungeon Crawl Stone Soup version 0.27-a0-1119-gbf574a6a6b (webtiles) character file.

Game seed: 3606989621300335473

368 pokeman the Magician (level 6, -1/34 HPs)
             Began as a Deep Elf Hedge Wizard on May 2, 2021.
             Slain by a lemure (9 damage)
             ... led by Pikel
             ... on level 4 of the Dungeon.
             The game lasted 00:07:26 (4681 turns).

pokeman the Magician (Deep Elf Hedge Wizard)        Turns: 4681, Time: 00:07:27

Health: -1/34      AC:  2    Str:  7    XL:     6   Next: 41%
Magic:  23/27      EV: 13    Int: 21    God:
Gold:   102        SH:  0    Dex: 14    Spells: 8/19 levels left

rFire    . . .     SeeInvis .   m - +1 dagger (venom)
rCold    . . .     Faith    .   (no shield)
rNeg     . . .     Spirit   .   b - +0 robe
rPois    .         Reflect  .   c - +0 hat
rElec    .         Harm     .   (no cloak)
rCorr    .         Rampage  .   (no gloves)
Will     .....                  (no boots)
Stlth    ++........             (no amulet)
HPRegen  0.11/turn              e - ring of magical power
MPRegen  0.20/turn              (no ring)

@: no status effects
A: no striking features
a: no special abilities


You were on level 4 of the Dungeon.
You visited 1 branch of the dungeon, and saw 4 of its levels.

You collected 102 gold pieces.

Inventory:

Hand Weapons
 m - a +1 dagger of venom (weapon)
 p - a +0 dagger of electrocution
 x - a +1 dagger of electrocution
Missiles
 h - 20 bolts
 n - 36 arrows
Armour
 b - a +0 robe (worn)
 c - a +0 hat (worn)
Jewellery
 e - a ring of magical power (left hand)
Wands
 s - a wand of charming (3)
Scrolls
 i - 2 scrolls of acquirement {unknown}
 k - a scroll of amnesia {unknown}
 l - 3 scrolls of identify {unknown}
 t - a scroll of enchant armour {unknown}
 y - a scroll of magic mapping {unknown}
Potions
 a - a potion of attraction {unknown}
 d - 2 potions of heal wounds
 f - a potion of invisibility {unknown}
 g - 3 potions of might {unknown}
 j - 2 potions of brilliance {unknown}
 o - a potion of haste {unknown}
 q - a potion of magic {unknown}
 r - 2 potions of curing {unknown}
 u - a potion of resistance {unknown}
 v - a potion of degeneration {unknown}
 w - a potion of cancellation {unknown}


   Skills:
 - Level 1.0 Fighting
 - Level 1.0 Armour
 - Level 3.0 Dodging
 - Level 3.0 Stealth
 * Level 7.1 Spellcasting
 + Level 3.3 Conjurations
 - Level 1.1 Summonings
 - Level 1.1 Translocations
 - Level 1.0 Fire Magic
 - Level 1.2 Air Magic
 + Level 0.0 Poison Magic
 + Level 1.7 Evocations


You had 8 spell levels left.
You knew the following spells:

 Your Spells              Type           Power      Damage    Failure   Level
a - Magic Dart            Conj           84%        1d7       2%          1
b - Mephitic Cloud        Conj/Pois/Air  13%        N/A       14%         3
c - Call Imp              Summ           12%        N/A       9%          2
d - Blink                 Tloc           N/A        N/A       9%          2
e - Conjure Flame         Conj/Fire      16%        6-21      11%         3

Your spell library contained the following spells:

 Spells                   Type           Power      Damage    Failure   Level
 Slow                     Hex            7%         N/A       13%         2
 Gell's Gravitas          Tloc           6%         N/A       17%         3
 Confusing Touch          Hex            7%         N/A       26%         3
 Petrify                  Tmut/Erth      7%         N/A       65%         4
 Metabolic Englaciation   Hex/Ice        3%         N/A       94%         5
 Yara's Violent Unravell  Hex/Tmut       3%         3d4       94%         5


Dungeon Overview and Level Annotations

Branches:
Dungeon (4/15)
 Temple: D:4-7

Altars:
Nemelex Xobeh
Ru

Shops:
D:4 *

Annotations:
D:4 1 transporter, Pikel; tinescath's ghost, amateur DDFi


Message History

You barely miss the lemure.
The lemure is lightly wounded.
The lemure is engulfed in noxious fumes.
The lemure hits you.
The lemure is engulfed in noxious fumes.
The lemure hits the lemure.
Unknown command.
Unknown command.
You catch the helpless lemure completely off-guard!
You puncture the lemure!
The lemure is poisoned.
The lemure is moderately wounded.
The lemure is engulfed in noxious fumes.
The lemure appears confused.
The lemure is engulfed in noxious fumes.
The lemure appears confused.
The lemure hits the lemure!
The lemure hits you!
* * * LOW HITPOINT WARNING * * *
Unknown command.
Casting: Mephitic Cloud (quite dangerous; 14% risk of failure)
Confirm with . or Enter, or press ? or * to list all spells.
You blink.
You are engulfed in noxious fumes.
You choke on the stench!
You are confused.
* * * LOW HITPOINT WARNING * * *
The lemure is engulfed in noxious fumes.
The lemure appears confused.
The lemure barely misses the lemure.
Unknown command.
Pikel is engulfed in noxious fumes.
The lemure is engulfed in noxious fumes.
The lemure appears confused.
The lemure closely misses Pikel.
You feel less confused.
The lemure barely misses the lemure.
Pikel is engulfed in noxious fumes.
Pikel appears confused.
The lemure hits the lemure!
The lemure hits you.
* * * LOW HITPOINT WARNING * * *
Pikel chortles and stares into space.
Casting: Blink (safe; 9% risk of failure)
Confirm with . or Enter, or press ? or * to list all spells.
A beastly little devil appears in a puff of frigid air.
The lemure hits you!
You die...

#......(.......55#......
#..........#.###.#..#8#.
#...K......#.###.#Z.###.
#...5$...........#W.....
#.....5....#.#.#.#../...
#..............#.#######
#..........#5#..........
#..........#5#...#....#######
############@##..#.........<.
#.###......#######
#######5####.....#
##.....#.........
##.............##(
#..>..#.........# .
#....#.#........# ##
#...#...#.......# #
#..#.....#......# .######


You could see 2 lemures and a friendly white imp (summoned).

Vanquished Creatures
  An ogre (D:4)
  Blork the orc (D:4)
  Jessica (D:3)
  An iguana (D:3)
  5 adders
  A shadow imp (D:2)
  An adder skeleton (D:4)
  2 worms
  2 dart slugs
  6 ball pythons
  8 endoplasms
  3 giant cockroaches
  8 goblins
  7 hobgoblins
  15 jackals
  2 quokkas (D:3)
  11 bats
  2 frilled lizards
  9 kobolds
  3 rats
89 creatures vanquished.

Notes
Turn   | Place    | Note
-------+----------+-------------------------------------------
     0 | D:1      | pokeman the Deep Elf Hedge Wizard began the quest for the
                  | Orb.
     0 | D:1      | Reached XP level 1. HP: 10/10 MP: 7/7
    51 | D:1      | Found a faded altar of an unknown god.
   345 | D:1      | Reached XP level 2. HP: 16/16 MP: 9/9
  1154 | D:2      | Reached skill level 5 in Spellcasting
  1248 | D:2      | Reached XP level 3. HP: 20/20 MP: 11/11
  1737 | D:2      | Reached skill level 1 in Armour
  1837 | D:2      | Reached skill level 1 in Fighting
  1855 | D:2      | Learned a level 3 spell: Mephitic Cloud
  1858 | D:2      | Learned a level 2 spell: Call Imp
  1862 | D:2      | Learned a level 2 spell: Blink
  1866 | D:2      | Learned a level 3 spell: Conjure Flame
  2116 | D:2      | Found a sparkling altar of Nemelex Xobeh.
  2144 | D:2      | Reached XP level 4. HP: 21/25 MP: 13/13
  3133 | D:3      | Noticed Jessica
  3144 | D:3      | Killed Jessica
  3270 | D:3      | Reached XP level 5. HP: 29/29 MP: 15/15
  3295 | D:3      | Reached skill level 6 in Spellcasting
  3802 | D:3      | Reached skill level 1 in Fire Magic
  4403 | D:4      | Noticed Blork the orc
  4417 | D:4      | Killed Blork the orc
  4418 | D:4      | Reached skill level 1 in Evocations
  4418 | D:4      | Reached XP level 6. HP: 33/34 MP: 17/17
  4488 | D:4      | Reached skill level 7 in Spellcasting
  4488 | D:4      | Reached skill level 1 in Air Magic
  4540 | D:4      | Found a sacrificial altar of Ru.
  4562 | D:4      | Noticed tinescath's ghost (amateur DDFi)
  4566 | D:4      | Found a transporter.
  4567 | D:4      | Found Anesaagu's General Store.
  4637 | D:4      | Noticed Pikel
  4681 | D:4      | Slain by a lemure

Illustrated notes

Levels and vault maps discovered:
D:1:      minmay_arrival_checkered_box, layout_loops_ring,
          basic_ecumenical_altar, minmay_misc_feat_rugged
D:2:      layout_basic, basic_altar
D:3:      minmay_chambers_of_threes, layout_basic, uniq_jessica
D:4:      layout_rooms, nicolae_ru_awakened_eye,
          nicolae_ossuary_entry_false_entrances, gammafunk_ghost_mausoleum,
          serial_shops, shop, uniq_blork_the_orc, uniq_grinder, uniq_pikel

Skill      XL: |  1  2  3  4  5  6 |
---------------+-------------------+-----
Spellcasting   | 5 6 7 |  7.1
Conjurations   | 2 3 |  3.3
Armour         | 1 |  1.0
Fighting       | 1 |  1.0
Dodging        | 3 |  3.0
Stealth        | 3 |  3.0
Fire Magic     | 1 |  1.0
Evocations     | 1 |  1.7
Air Magic      | 1 |  1.2
Summonings     | |  1.1
Translocations | |  1.1

Action                   |  1- 3 |  4- 6 || total
-------------------------+-------+-------++-------
Melee: Dagger            |    20 |    36 ||    56
 Cast: Magic Dart        |   105 |   112 ||   217
       Mephitic Cloud    |       |     3 ||     3
       Call Imp          |       |     3 ||     3
       Blink             |       |     1 ||     1
 Stab: Confused          |       |     3 ||     3
Armor: Robe              |     5 |     6 ||    11
Dodge: Dodged            |    33 |    31 ||    64

Table legend: (Time is in decaauts)
 A = Elapsed time spent in this place.
 B = Non-inter-level travel time spent in this place.
 C = Inter-level travel time spent in this place.
 D = Time resting spent in this place.
 E = Time spent auto-exploring this place.
 F = Levels seen in this place.
 G = Mean time per level.
                   A        B        C        D        E       F      G
               +--------+--------+--------+--------+--------+-----+--------+
         Total |   4680 |   4589 |     91 |     19 |   3909 |   4 | 1170.0 |
       Dungeon |   4680 |   4589 |     91 |     19 |   3909 |   4 | 1170.0 |
               +--------+--------+--------+--------+--------+-----+--------+

Top non-repeatable levels by time:
     D:2: 1767 daAuts
     D:3: 1494 daAuts
     D:1: 1145 daAuts
     D:4: 273 daAuts
